 Dungeon Crawl Stone Soup version 0.29.1 (webtiles) character file.

Game seed: 489857538831309490

497 greasedhog the Chopper (level 7, -3/56 HPs)
             Began as a Formicid Fighter on Sept 14, 2022.
             Slain by an orc priest
             ... wielding a +0 trident
              (4 damage)
             ... on level 4 of the Dungeon.
             The game lasted 00:03:22 (3399 turns).

greasedhog the Chopper (Formicid Fighter)           Turns: 3399, Time: 00:03:23

Health: -3/56      AC:  8    Str: 23    XL:     7   Next: 39%
Magic:  0/7        EV: 10    Int:  7    God:
Gold:   160        SH:  5    Dex: 13    Spells: 6/6 levels left

rFire   . . .      SeeInvis +   a - +0 war axe
rCold   . . .      Faith    .   c - +0 buckler
rNeg    . . .      Spirit   +   b - +0 scale mail
rPois   .          Reflect  .   (helmet unavailable)
rElec   .          Harm     .   (no cloak)
rCorr   .          Rampage  .   q - +0 pair of gloves
Will    .....                   (no boots)
Stlth   ..........              l - amulet of guardian spirit
HPRegen 0.18/turn               (no ring)
MPRegen 0.10/turn               (no ring)

@: no status effects
A: permanent stasis, dig shafts and tunnels, antennae 3, four strong arms
a: Dig, Shaft Self


You were on level 4 of the Dungeon.
You visited 1 branch of the dungeon, and saw 4 of its levels.

You collected 160 gold pieces.

Inventory:

Hand Weapons
 a - a +0 war axe (weapon)
Armour
 b - a +0 scale mail (worn)
 c - a +0 buckler (worn)
 q - a +0 pair of gloves (worn)
Jewellery
 l - an amulet of guardian spirit (around neck)
 m - a +6 ring of intelligence
Scrolls
 j - 2 scrolls of fog
 o - a scroll of enchant armour
 p - a scroll of poison
 r - a scroll of enchant weapon {unknown}
Potions
 e - a potion of brilliance
 f - 2 potions of haste
 g - 2 potions of invisibility {unknown}
 h - a potion of curing {unknown}
 i - a potion of flight {unknown}
 k - a potion of attraction {unknown}
 n - a potion of berserk rage


   Skills:
 - Level 5.0 Fighting
 * Level 5.5 Axes
 - Level 5.1 Armour
 * Level 0.8 Dodging
 - Level 4.0 Shields


You had 6 spell levels left.
You didn't know any spells.
Your spell library contained the following spells:

 Spells                   Type           Power      Damage    Failure   Level
 Magic Dart               Conj           0%         1d3       80%         1
 Call Imp                 Summ           0%         N/A       90%         2
 Mephitic Cloud           Conj/Pois/Air  0%         N/A       99%         3


Dungeon Overview and Level Annotations

Branches:
Dungeon (4/15)
 Temple: D:4-7

Altars:


Innate Abilities, Weirdness & Mutations

You cannot be hasted, slowed, berserked, paralysed or teleported.
You can dig through walls and to a lower floor.
You have a pair of large antennae on your head. (SInv)
Your four strong arms can wield two-handed weapons with a shield.


Message History

The orc hits you but does no damage. The orc hits you with a +0 short sword.
The orc priest mumbles some strange prayers to Beogh against you.
Beogh smites you!
You are too injured to fight recklessly!
You are too injured to fight recklessly!
Unknown command.
You hit the orc but do no damage.
The orc is severely wounded.
You barely miss the orc. The orc barely misses you.
The orc drinks a potion.
The orc goes berserk!
The orc hits you but does no damage.
You barely miss the orc.
The orc is severely wounded.
You slash the orc! The orc misses you. The orc hits you but does no damage.
The orc priest calls upon Beogh to heal the orc.
The orc's wounds heal themselves!
You block the orc's attack. You block the orc's attack.
The orc barely misses you.
The orc priest hits you from afar with a +0 trident.
The orc hits you with a +0 short sword. The orc hits you with a +0 war axe!
* * * LOW HITPOINT WARNING * * *
Unknown command.
You slash the orc!
You kill the orc!
You barely miss the orc. x2; The orc barely misses you.
The orc hits you with a +0 mace.
* * * LOW HITPOINT WARNING * * *
The orc priest hits you but does no damage.
The orc hits you but does no damage. x2
The orc priest hits you but does no damage.
You slash the orc!
You kill the orc!
You barely miss the orc.
The orc priest invokes the aid of Beogh against you.
Beogh smites you!
* * * LOW HITPOINT WARNING * * *
A kobold comes into view.
It is wielding a +0 dagger and quivering poisoned darts.
The orc closely misses you.
You closely miss the orc. The orc hits you with a +0 mace.
* * * LOW HITPOINT WARNING * * *
The orc priest hits you from afar with a +0 trident.
You die...

.#...##................
.#...............K.....
###....................
..##........†#.......#
.[........)).#.......#
.....................###
#.###...<..#...).......#
####.....).#....)[......
##..........)@.......
#............oo..... .
........#............
...#.....###......#...
..........# #......# ..
........... ......## .
.......# ........#


You could see an orc priest, an orc and a kobold.

Vanquished Creatures
  An ice beast (D:3)
  Blork the orc (D:4)
  A scorpion (D:4)
  A hound (D:4)
  Natasha (twice) (D:2)
  2 iguanas (D:4)
  4 gnolls
  5 adders
  2 worms (D:2)
  2 dart slugs
  5 orcs
  7 endoplasms
  2 giant cockroaches
  4 goblins
  5 hobgoblins
  A quokka (D:1)
  8 ball pythons
  4 bats
  2 frilled lizards
  4 kobolds
  4 rats
67 creatures vanquished.

Notes
Turn   | Place    | Note
-------+----------+-------------------------------------------
     0 | D:1      | greasedhog the Formicid Fighter began the quest for the
                  | Orb.
     0 | D:1      | Reached XP level 1. HP: 18/18 MP: 1/1
   207 | D:1      | Reached XP level 2. HP: 19/24 MP: 2/2
  1000 | D:1      | Reached XP level 3. HP: 30/30 MP: 3/3
  1364 | D:2      | Reached XP level 4. HP: 36/37 MP: 4/4
  1528 | D:2      | Noticed Natasha
  1532 | D:2      | Killed Natasha
  1917 | D:2      | Noticed Natasha
  1919 | D:2      | Killed Natasha
  1920 | D:2      | Reached XP level 5. HP: 40/43 MP: 5/5
  2055 | D:2      | Reached skill level 5 in Fighting
  2528 | D:3      | Identified the +12 trident of the Spectre {vorpal, Will+}
  2824 | D:4      | Noticed Blork the orc
  2833 | D:4      | Killed Blork the orc
  2834 | D:4      | Reached XP level 6. HP: 30/51 MP: 3/6
  3010 | D:4      | Reached skill level 5 in Axes
  3297 | D:4      | Noticed an ice beast
  3312 | D:3      | Killed an ice beast
  3313 | D:3      | Reached skill level 5 in Armour
  3313 | D:3      | Reached XP level 7. HP: 50/56 MP: 7/7
  3398 | D:4      | HP: 1/56 [orc priest/divine providence (7)]
  3399 | D:4      | Slain by an orc priest

Illustrated notes

Levels and vault maps discovered:
D:1:      amcnicky_arrival_abandoned_market, layout_basic,
          minmay_tree_intersection
D:2:      layout_loops_corners, uniq_natasha
D:3:      layout_rooms
D:4:      layout_cave_pools, uniq_menkaure, uniq_blork_the_orc, uniq_pikel

Skill      XL: |  1  2  3  4  5  6 |
---------------+-------------------+-----
Fighting       | 4 5 |  5.0
Axes           | 3 4 5 |  5.5
Armour         | 5 |  5.1
Dodging        | |  0.8
Shields        | |  4.0

Action                   |  1- 3 |  4- 6 |  7- 9 || total
-------------------------+-------+-------+-------++-------
Melee: War axe           |    67 |   109 |    28 ||   204
  Use: Scroll            |     4 |     2 |       ||     6
       Potion            |       |     2 |       ||     2
Armor: Scale mail        |    36 |    54 |    17 ||   107
Dodge: Dodged            |    28 |    50 |    13 ||    91
Block: Buckler           |    10 |    26 |    10 ||    46
